 Seeded DCSS version 0.30-a0-718-geaa24f58ff (webtiles) character file.

Game seed: 4530087695536111545 (custom seed)

207964 purpskrrrp the Acrobat (level 18, -1/217 HPs)
             Began as a Merfolk Fighter on Jan 25, 2023.
             Was the Champion of Hepliaklqana.
             Slain by a redback (8 damage)
             ... summoned by a broodmother
             ... on level 2 of the Spider Nest.
             The game lasted 01:25:11 (35683 turns).

purpskrrrp the Acrobat (Merfolk Fighter)           Turns: 35683, Time: 01:25:12

Health: -1/217     AC: 25    Str: 22    XL:     18   Next: 77%
Magic:  16/16      EV: 23    Int:  9    God:    Hepliaklqana [******]
Gold:   1736       SH:  8    Dex: 18    Spells: 17/17 levels left

rFire   + . .      SeeInvis +    K - +9 lance "Wyrmbane" {slay drac, rPois rF+ rC+ AC+3}
rCold   + + .      Faith    .    c - +0 buckler
rNeg    . . .      Spirit   .    d - +4 plate armour {rC+}
rPois   +          Reflect  .    b - +0 hat {SInv}
rElec   .          Harm     .    B - +0 cloak
rCorr   .          Rampage  .    T - +0 pair of gloves
Will    +....                    e - +2 pair of boots Stlth
                                 W - amulet of the acrobat
HPRegen 0.56/turn                i - +6 ring of dexterity
MPRegen 0.15/turn                m - +5 ring of evasion

@: berserking, studying Necromancy, very quick
A: reduced essence, (nimble swimmer 2), mertail, horns 1, iridescent scales 1,
clumsy 1, low MP 1, screaming 1
}: 1/15 runes: barnacled
a: Renounce Religion, Recall Ancestor, Ancestor Identity, Transference, Idealise


You were on level 2 of the Spider Nest.
You worshipped Hepliaklqana.
Hepliaklqana was exalted by your worship.
You visited 6 branches of the dungeon, and saw 29 of its levels.
You also visited: Gauntlet, Ice Cave and Volcano.

You collected 3178 gold pieces.
You spent 1442 gold pieces at shops.

Inventory:

Hand Weapons
 K - the +9 lance "Wyrmbane" (weapon) {slay drac, rPois rF+ rC+ AC+3}
   (You found it on level 12 of the Dungeon)

   AC:        It affects your AC (+3).
   rF:        It protects you from fire.
   rC:        It protects you from cold.
   rPois:     It protects you from poison.
Missiles
 a - 2 atropa-tipped darts
 p - a throwing net
 x - 38 poisoned darts
Armour
 b - a +0 hat of see invisible (worn)
 c - a +0 buckler (worn)
 d - a +4 plate armour of cold resistance (worn)
 e - a +2 pair of boots (worn)
 B - a +0 cloak (worn)
 T - a +0 pair of gloves (worn)
 V - +3 swamp dragon scales
 X - the +1 hat of Boiling Hail {Int+2}
   (You found it in a Gauntlet)

   Int:       It affects your intelligence (+2).
Jewellery
 f - a ring of positive energy
 i - a +6 ring of dexterity (left hand)
 m - a +5 ring of evasion (right hand)
 w - a ring of poison resistance
 z - a +5 ring of evasion
 L - a +4 ring of protection
 N - the ring "Yrphinic" {Str+3 Slay+4}
   (You found it on level 4 of the Shoals)

   [ring of slaying]

   Str:       It affects your strength (+3).
   Slay:      It affects your accuracy & damage with ranged weapons and melee
   (+4).
 O - a ring of willpower
 S - a ring of protection from cold
 W - an amulet of the acrobat (around neck)
Wands
 h - a wand of mindburst (1)
 n - a wand of iceblast (15)
 q - a wand of paralysis (22)
 s - a wand of flame (28)
 D - a wand of polymorph (5)
 G - a wand of digging (6)
Scrolls
 g - 2 scrolls of fear
 j - 3 scrolls of fog
 l - 3 scrolls of enchant armour
 o - 2 scrolls of poison
 r - 3 scrolls of immolation
 t - 2 scrolls of enchant weapon
 y - 15 scrolls of teleportation
 A - 3 scrolls of magic mapping
 C - 3 scrolls of amnesia
 F - 2 scrolls of blinking
 P - a scroll of silence
 Y - 8 scrolls of identify
Potions
 k - a potion of berserk rage
 u - a potion of cancellation
 v - 8 potions of curing
 E - 2 potions of invisibility
 H - 2 potions of resistance
 I - 3 potions of flight
 J - 3 potions of might
 Q - a potion of ambrosia
 R - a potion of magic {unknown}
 U - 2 potions of haste
Miscellaneous
 M - a phantom mirror


   Skills:
 * Level 19.8 Fighting
 + Level 20.0 Polearms
 - Level 2.2 Armour
 * Level 26.7 Dodging
 + Level 14.2 Shields


You had 17 spell levels left.
You didn't know any spells.
Your spell library contained the following spells:

 Spells                   Type           Power      Damage    Failure   Level
 Freeze                   Ice            0%         1d3       100%        1
 Magic Dart               Conj           0%         1d3       100%        1
 Sandblast                Erth           0%         2d4       100%        1
 Slow                     Hex            0%         N/A       100%        1
 Blink                    Tloc           0%         N/A       100%        2
 Call Imp                 Summ           0%         N/A       100%        2
 Ensorcelled Hibernation  Hex/Ice        0%         N/A       100%        2
 Lesser Beckoning         Tloc           0%         N/A       100%        2
 Momentum Strike          Conj/Tloc      0%         3d8       100%        2
 Passwall                 Tmut/Erth      0%         N/A       100%        2
 Searing Ray              Conj           0%         2d4       100%        2
 Wereblood                Tmut           0%         N/A       100%        2
 Call Canine Familiar     Summ           0%         N/A       100%        3
 Confusing Touch          Hex            0%         N/A       100%        3
 Dazzling Flash           Conj/Hex       0%         N/A       100%        3
 Frozen Ramparts          Ice            0%         1d1       100%        3
 Hailstorm                Conj/Ice       0%         3d3       100%        3
 Ignite Poison            Fire/Tmut/Pois 0%         N/A       100%        3
 Mephitic Cloud           Conj/Pois/Air  0%         N/A       100%        3
 Ozocubu's Armour         Ice            0%         N/A       100%        3
 Portal Projectile        Hex/Tloc       0%         N/A       100%        3
 Spider Form              Tmut/Pois      0%         N/A       100%        3
 Stone Arrow              Conj/Erth      0%         3d7       100%        3
 Vampiric Draining        Necr           0%         2d6       100%        3
 Anguish                  Hex/Necr       0%         N/A       100%        4
 Animate Armour           Summ/Erth      0%         N/A       100%        4
 Fulminant Prism          Conj/Hex       0%         3d5       100%        4
 Ice Form                 Ice/Tmut       0%         N/A       100%        4
 Leda's Liquefaction      Hex/Erth       0%         N/A       100%        4
 Olgreb's Toxic Radiance  Pois           0%         N/A       100%        4
 Petrify                  Tmut/Erth      0%         N/A       100%        4
 Summon Ice Beast         Ice/Summ       0%         N/A       100%        4
 Agony                    Necr           0%         N/A       100%        5
 Freezing Cloud           Conj/Ice/Air   0%         6-21      100%        5
 Iskenderun's Battlesphe  Conj           0%         2d6       100%        5
 Metabolic Englaciation   Hex/Ice        0%         N/A       100%        5
 Silence                  Hex/Air        0%         N/A       100%        5
 Summon Mana Viper        Hex/Summ       0%         N/A       100%        5
 Iron Shot                Conj/Erth      0%         9d1       100%        6
 Simulacrum               Ice/Necr       0%         N/A       100%        6
 Statue Form              Tmut/Erth      0%         N/A       100%        6
 Monstrous Menagerie      Summ           0%         N/A       100%        7
 Ozocubu's Refrigeration  Ice            0%         4d7       100%        7
 Spellforged Servitor     Conj/Summ      0%         N/A       100%        7
 Borgnjor's Revivificati  Necr           0%         N/A       100%        8
 Ignition                 Fire           0%         3d3       100%        8
 Lehudib's Crystal Spear  Conj/Erth      0%         10d2      100%        8
 Polar Vortex             Ice            0%         N/A       100%        9


Dungeon Overview and Level Annotations

Branches:
Dungeon (15/15)            Temple (1/1) D:6            Lair (5/5) D:10
 Shoals (4/4) Lair:2       Spider (2/4) Lair:3        Slime (0/5) Lair:5
    Orc (2/2) D:9             Elf (0/3) Orc:2        Vaults (0/5) D:13
 Depths (0/4) D:15          IceCv (visited)         Volcano (visited)
Gauntlet (visited)

Altars:
Ashenzari
Cheibriados
Dithmenos
Elyvilon
Fedhas
Gozag
Hepliaklqana
Kikubaaqudgha
Makhleb
Nemelex Xobeh
Okawaru
Qazlal
Ru
Sif Muna
Trog
Uskayaw
Vehumet
Wu Jian
Xom
Yredelemnul
Zin
The Shining One
Jiyva

Shops:
D:4 (   D:5 [   D:8 :   D:10 [   D:14 !   Orc:1 =   Orc:2 :(*[   Shoals:4 =

Portals:
Abyss: Orc:2

Annotations:
Lair:2 Urug


Innate Abilities, Weirdness & Mutations

Your life essence is reduced to manifest your ancestor. (-10% HP)
((You are very nimble when in or above water. (Stealth+, EV+, Speed+++)))
Your lower body shifts to a powerful aquatic tail in water.
You have a pair of small horns on your head.
You are partially covered in iridescent scales. (AC +2)
You are clumsy. (Dex -2)
Your magical capacity is low. (-10% MP)
You occasionally shout uncontrollably at your foes.


Message History

You kill the jorogumo!
Your life force feels restored.
You puncture the broodmother! You headbutt the broodmother.
The broodmother is lightly wounded.
You puncture the broodmother! You headbutt the broodmother.
The broodmother is moderately wounded.
The broodmother summons spiders!
You puncture the broodmother! You headbutt the broodmother.
The broodmother is heavily wounded.
You puncture the broodmother!
The broodmother is heavily wounded.
The broodmother bites you!
* * * LOW HITPOINT WARNING * * *
A spider bursts forth from the wound!
You puncture the broodmother! You headbutt the broodmother.
The broodmother is heavily wounded.
The broodmother barely misses you.
You hit the broodmother.
The broodmother is severely wounded.
You hit the broodmother. You headbutt the broodmother.
The broodmother is severely wounded.
You block the broodmother's attack.
The redback bites you but does no damage.
You puncture the broodmother!
The broodmother is severely wounded.
The broodmother completely misses you.
You puncture the broodmother! You headbutt the broodmother!
The broodmother is almost dead.
The redback completely misses you.
You puncture the broodmother! You headbutt the broodmother.
The broodmother is almost dead.
You block the redback's attack. You block the broodmother's attack.
You barely miss the broodmother.
The broodmother is almost dead.
The redback misses you. The broodmother bites you!!
* * * LOW HITPOINT WARNING * * *
A spider bursts forth from the wound!
A red film seems to cover your vision as you go berserk!
You feel yourself moving faster!
You feel mighty! The redback bites you!
You die...

### #.## ##.## ##.##
##.## ##### # ##.##
#.#.#######
##s#####.^.^##.##.
##@#.#..........#..
##s###........^.....
##s##
##.............
##.##
#.............>
##.##
###..##......## #.##
#..####....... ###
##.# #......#.
####.#.......
#.........


You could see a broodmother, a jumping spider (summoned) and a redback
(summoned).

Vanquished Creatures
  Nikola (Spider:1)
  Polyphemus (Shoals:4)
  A kraken (Shoals:3)
  Frances (Shoals:2)
  Kirke (Shoals:4)
  An orc warlord (Orc:2)
  A ghost moth (Spider:1)
  A broodmother (Spider:2)
  A quicksilver ooze (Shoals:4)
  An ironbound preserver (D:13)
  The ghost of rddays123 the Warrior, a journeyman MiFi (Orc:2)
  A minotaur (Gauntlet)
  A spark wasp (Spider:2)
  4 merfolk javelineers
  5 merfolk impalers
  2 ogre magi (D:15)
  9 hydras
  The ghost of Nabski the Destroyer, a journeyman TeFE of Sif Muna (D:11)
  4 merfolk aquamancers
  A radroach (Spider:1)
  A jorogumo (Spider:2)
  4 centaur warriors
  5 two-headed ogres
  10 boulder beetles
  2 alligator snapping turtles
  2 catoblepae
  A deep troll shaman (Lair:5)
  13 death yaks
  A death knight (D:13)
  3 orc high priests (Orc:2)
  A sixfirhy (Gauntlet)
  Amaemon (Lair:2)
  6 sea snakes
  4 orb spiders
  A skeletal warrior (D:7)
  5 pharaoh ants
  2 phantasmal warriors (D:13)
  3 wizards (D:15)
  A kraken simulacrum (Shoals:4)
  4 lindwurms
  5 orc knights (Orc:2)
  2 steelbarb worms (Spider:2)
  2 deep elf pyromancers
  2 necromancers
  13 ugly things
  13 harpies
  A deep elf zephyrmancer (D:15)
  An oklob plant (Lair:3)
  4 orc sorcerers
  6 wolf spiders
  10 cyclopes
  14 manticores
  A worldbinder (Orc:2)
  A faun (Shoals:3)
  2 moths of wrath (Spider:1)
  14 elephants
  3 demonic crawlers
  Maurice (D:8)
  5 water nymphs
  An ice statue (IceCv)
  7 merfolk sirens
  3 black mambas
  An orange demon (Lair:2)
  2 gargoyles
  Psyche (D:8)
  3 torpor snails
  7 cane toads
  3 rime drakes
  2 unseen horrors
  An ancient zyme (Orc:2)
  3 freezing wraiths
  A komodo dragon (shapeshifter) (D:13)
  10 komodo dragons
  2 trolls
  4 meliai
  14 merfolk
  2 hornets
  2 polar bears
  A wind drake (shapeshifter) (D:15)
  7 wind drakes
  5 tarantellas
  Grinder (D:5)
  11 blink frogs
  4 snapping turtles
  8 dream sheep
  A meliai zombie (D:15)
  9 jumping spiders
  6 slime creatures
  9 culicivoras
  A ynoxinul (Orc:2)
  8 water elementals
  Sigmund (D:6)
  A yak (shapeshifter) (Orc:2)
  A wraith (D:7)
  5 wyverns
  30 yaks
  A vampire (D:12)
  5 hogs (Shoals:4)
  6 vampire mosquitoes
  20 redbacks
  5 basilisks
  6 steam dragons
  A warg (shapeshifter) (D:13)
  A harpy simulacrum (IceCv)
  A warg (D:11)
  2 hell hounds (Volcano)
  10 water moccasins
  4 ice beasts (D:6)
  25 orc warriors
  A sky beast (D:7)
  4 black bears
  A hornet zombie (D:6)
  4 ogres
  12 wolves
  8 centaurs
  4 phantoms
  3 kobold brigands
  7 bullfrogs
  Blork the orc (Temple)
  A necrophage (D:6)
  A wyvern zombie (D:6)
  3 scorpions
  A gnoll sergeant (D:7)
  8 wights
  2 water moccasin zombies (D:6)
  3 killer bees (D:8)
  3 electric eels
  12 howler monkeys
  A bullfrog zombie (D:6)
  3 centaur zombies
  14 orc priests
  6 hounds
  3 jellies
  A centaur skeleton (D:6)
  A boggart zombie (D:15)
  2 iguanas
  7 hell rats
  A polar bear simulacrum (IceCv)
  17 orc wizards
  A killer bee zombie (D:6)
  A wolf simulacrum (IceCv)
  A howler monkey zombie (D:6)
  A howler monkey skeleton (D:6)
  11 gnolls
  11 adders
  3 shadow imps (D:6)
  3 white imps
  2 ufetubi
  5 worms
  4 dart slugs
  52 orcs
  4 endoplasms
  2 giant cockroaches (D:2)
  6 goblins
  5 hobgoblins
  2 jackals (D:4)
  4 quokkas
  5 ball pythons
  6 bats
  5 frilled lizards
  17 kobolds
  7 rats
  A plant (Lair:4)
  3 tentacles
771 creatures vanquished.

Vanquished Creatures (collateral kills)
  The ghost of Qobluxtent the Unseen, an adept GnDe of Gozag (Shoals:3)
  Roxanne (Shoals:4)
  Donald (Orc:2)
  A broodmother (Spider:2)
  A dire elephant (Lair:5)
  A merfolk javelineer (Shoals:4)
  A fire dragon (Volcano)
  4 merfolk impalers
  2 merfolk avatars
  2 hydras (Lair:5)
  2 centaur warriors
  2 alligator snapping turtles
  An alligator (Lair:5)
  A merfolk aquamancer (Shoals:4)
  2 catoblepae
  5 death yaks
  A two-headed ogre (D:10)
  4 boulder beetles
  Sonja (Lair:4)
  2 pharaoh ants
  5 sea snakes
  2 lindwurms (Volcano)
  A steelbarb worm (Spider:1)
  3 harpies
  An ugly thing (D:11)
  2 orc sorcerers (Orc:2)
  A wolf spider (Spider:2)
  6 cyclopes
  A manticore (Shoals:4)
  3 merfolk sirens
  A black mamba (Lair:5)
  An ice statue (IceCv)
  2 water nymphs
  10 elephants
  A torpor snail (Spider:2)
  3 cane toads
  2 gargoyles (D:13)
  2 rime drakes
  A komodo dragon (shapeshifter) (D:14)
  An unseen horror (D:13)
  A yaktaur (D:15)
  A freezing wraith (D:13)
  8 merfolk
  2 komodo dragons
  A polar bear (Lair:5)
  2 trolls
  A meliai (D:13)
  A wind drake (Shoals:4)
  2 tarantellas (Spider:2)
  A blink frog (Lair:5)
  6 dream sheep
  2 hornets (Gauntlet)
  7 snapping turtles
  4 jumping spiders (Spider:2)
  A water elemental (D:15)
  4 yaks
  A shadow (D:11)
  2 culicivoras (Spider:2)
  A basilisk (Lair:3)
  2 hogs (Shoals:4)
  4 redbacks (Spider:2)
  A warg (Orc:1)
  An acid dragon (D:7)
  2 hell hounds (Volcano)
  5 water moccasins
  7 orc warriors
  2 black bears
  A wolf (Lair:1)
  2 centaurs
  3 bullfrogs (Lair:5)
  2 electric eels (D:15)
  6 orc priests
  3 jellies (Lair:5)
  A gnoll bouda (D:9)
  5 orc wizards
  A hell rat (Lair:4)
  3 ufetubi (Gauntlet)
  15 orcs
  2 kobolds (D:7)
  A plant (Lair:5)
202 creatures vanquished.

Vanquished Creatures (others)
  A dire elephant (Lair:5)
  An entropy weaver (Spider:1)
  A jumping spider (Spider:2)
  A bullfrog (Lair:5)
  33 battlemagi
  6 ancestors
  An orc wizard (Orc:2)
  25 fungi
  50 plants
  10 tentacles
129 creatures vanquished.

Grand Total: 1102 creatures vanquished

Notes
Turn   | Place    | Note
-------+----------+-------------------------------------------
     0 | D:1      | purpskrrrp the Merfolk Fighter began the quest for the Orb.
     0 | D:1      | Reached XP level 1. HP: 18/18 MP: 1/1
   194 | D:1      | Reached skill level 1 in Dodging
   194 | D:1      | Reached XP level 2. HP: 24/24 MP: 2/2
   607 | D:1      | Reached XP level 3. HP: 25/29 MP: 3/3
   608 | D:1      | Reached skill level 2 in Dodging
  1129 | D:2      | Reached XP level 4. HP: 36/37 MP: 4/4
  1396 | D:2      | Reached skill level 3 in Dodging
  1859 | D:3      | You fall into a shaft and drop 1 floor!
  1881 | D:4      | Reached XP level 5. HP: 37/42 MP: 5/5
  2366 | D:3      | Gained mutation: You have a pair of small horns on your
                  | head. [potion of mutation]
  2366 | D:3      | Gained mutation: You are partially covered in iridescent
                  | scales. (AC +2) [potion of mutation]
  2610 | D:4      | Reached skill level 4 in Dodging
  2776 | D:4      | Reached XP level 6. HP: 49/49 MP: 6/6
  3200 | D:4      | Found Zyobekez's Antique Weapon Boutique.
  3632 | D:5      | Entered Level 5 of the Dungeon
  3655 | D:5      | Found a stormy altar of Qazlal.
  3734 | D:5      | Noticed a water moccasin
  3750 | D:5      | Killed a water moccasin
  3751 | D:5      | Reached skill level 5 in Polearms
  3756 | D:5      | HP: 1/49 [poisoned by a scorpion]
  3771 | D:5      | Reached skill level 5 in Dodging
  3926 | D:5      | Found a radiant altar of Vehumet.
  3987 | D:5      | Reached XP level 7. HP: 55/55 MP: 7/7
  4126 | D:5      | Reached skill level 5 in Fighting
  4126 | D:5      | Reached skill level 6 in Dodging
  4223 | D:5      | Found Toaplib's Armour Shoppe.
  4256 | D:5      | Became a worshipper of Vehumet
  4570 | D:5      | Found an opulent altar of Gozag.
  4601 | D:5      | Identified the ring of Xom's Capriciousness {Wiz rN+ Int+3}
  5065 | D:6      | Reached XP level 8. HP: 55/62 MP: 8/8
  5138 | D:6      | Reached skill level 7 in Dodging
  5243 | D:6      | Found a staircase to the Ecumenical Temple.
  5263 | D:6      | Noticed Blork the orc
  5282 | Temple   | Entered the Ecumenical Temple
  5320 | Temple   | Killed Blork the orc
  5328 | Temple   | Reached skill level 5 in Shields
  5495 | D:6      | Reached * piety under Vehumet
  5495 | D:6      | Offered knowledge of Kiss of Death by Vehumet.
  5527 | D:6      | Noticed Sigmund
  5528 | D:6      | Noticed Grinder
  5565 | D:5      | Paralysed by Grinder for 3 turns
  5569 | D:5      | Killed Grinder
  5570 | D:5      | Reached skill level 8 in Dodging
  5626 | D:6      | Found an iron altar of Okawaru.
  5657 | D:6      | Reached XP level 9. HP: 56/69 MP: 9/9
  5829 | D:6      | Reached skill level 9 in Dodging
  5863 | D:6      | Found a white marble altar of Elyvilon.
  5864 | D:6      | Found a bloodstained altar of Trog.
  5958 | D:6      | Offered knowledge of Momentum Strike by Vehumet.
  5963 | D:6      | Reached ** piety under Vehumet
  6153 | D:6      | Reached skill level 10 in Polearms
  6235 | Temple   | Fell from the grace of Vehumet
  6235 | Temple   | Became a worshipper of Hepliaklqana the Forgotten
  6352 | D:7      | Reached skill level 10 in Dodging
  6416 | D:7      | Reached XP level 10. HP: 79/79 MP: 10/10
  6605 | D:7      | Found a shimmering altar of Xom.
  6653 | D:7      | Noticed a boulder beetle
  6659 | D:7      | Noticed a skeletal warrior
  6794 | D:8      | Found Igas Vel's Self-Improvement Boutique.
  6943 | D:8      | Noticed Maurice
  6990 | D:8      | Killed Maurice
  6991 | D:8      | Reached skill level 11 in Dodging
  7125 | D:8      | Noticed Psyche
  7221 | D:8      | Killed Psyche
  7615 | D:9      | Reached * piety under Hepliaklqana
  7731 | D:9      | Found a staircase to the Orcish Mines.
  8171 | D:10     | Entered Level 10 of the Dungeon
  8275 | D:10     | Reached skill level 12 in Dodging
  8326 | D:10     | Found a staircase to the Lair.
  8363 | D:10     | Reached XP level 11. HP: 77/77 MP: 11/11
  8507 | D:10     | Noticed a two-headed ogre
  8524 | D:10     | Killed a two-headed ogre
  8544 | D:10     | Found Atimiesh's Armour Shop.
  8672 | D:11     | Reached ** piety under Hepliaklqana
  8731 | D:11     | Found a runed translucent gate.
  8732 | D:11     | Found a runed translucent gate.
  8733 | D:11     | Found a runed translucent gate.
  8734 | D:11     | Noticed Nabski's ghost (journeyman TeFE)
  8904 | D:11     | Noticed a white ugly thing
  9009 | D:11     | Noticed a boulder beetle
  9038 | D:11     | Killed a boulder beetle
  9039 | D:11     | Reached skill level 13 in Dodging
  9052 | D:11     | Killed a white ugly thing
  9253 | D:11     | Noticed a white ugly thing
  9260 | D:11     | Killed a white ugly thing
  9739 | D:12     | Noticed a boulder beetle
  9796 | D:12     | Killed a boulder beetle
  9826 | D:12     | Remembered your ancestor Amenemopet as a battlemage
  9957 | D:12     | Found the +8 lance "Wyrmbane" {slay drac, rPois rF+ rC+
                  | AC+3}
 10404 | D:13     | Reached skill level 14 in Dodging
 10413 | D:13     | Reached XP level 12. HP: 66/85 MP: 12/12
 10540 | D:13     | Noticed a two-headed ogre
 10542 | D:13     | Noticed an ironbound preserver
 10552 | D:13     | Found a gate to the Vaults.
 10928 | D:9      | Reached *** piety under Hepliaklqana
 11172 | D:7      | Killed a boulder beetle
 11201 | D:7      | Identified the +12 chain mail "Doroib" {rF- Regen+ Int+2}
 11285 | D:7      | Noticed a two-headed ogre
 11291 | D:7      | Killed a two-headed ogre
 11292 | D:7      | Reached skill level 10 in Fighting
 11508 | D:7      | Identified the amulet "Remia" {RegenMP rF- rN+ MP+9}
 11998 | D:6      | Killed Sigmund
 11999 | D:6      | Reached skill level 15 in Dodging
 12074 | Orc:1    | Entered Level 1 of the Orcish Mines
 12253 | D:13     | Killed a two-headed ogre
 12294 | D:13     | Noticed a centaur warrior
 12304 | D:13     | Killed a centaur warrior
 12389 | D:13     | Noticed a five-headed hydra
 12405 | D:13     | Killed a five-headed hydra
 12519 | D:13     | Noticed a boulder beetle
 12519 | D:13     | Noticed a boulder beetle
 12549 | D:13     | Killed a boulder beetle
 12576 | D:13     | Killed a boulder beetle
 12607 | D:13     | Noticed a centaur warrior
 12607 | D:13     | Noticed a four-headed hydra
 12626 | D:13     | Reached skill level 15 in Polearms
 12628 | D:13     | Killed a centaur warrior
 12629 | D:13     | Reached skill level 16 in Dodging
 12629 | D:13     | Reached XP level 13. HP: 71/95 MP: 13/13
 12760 | D:13     | Identified the +1 morningstar of Honesty {speed, rCorr
                  | Int+5 Dex-3}
 12924 | D:13     | Was forgiven by Vehumet
 13087 | D:13     | Killed an ironbound preserver
 13151 | D:13     | Identified the +1 leather armour "Ecif" {rC+ rCorr}
 13415 | D:14     | Reached skill level 10 in Shields
 13423 | D:14     | Reached skill level 17 in Dodging
 13438 | D:14     | Found a gate leading to a gauntlet.
 13447 | Gauntlet | Entered a Gauntlet
 13447 | Gauntlet | Found a transporter.
 13447 | Gauntlet | Found a transporter.
 13462 | Gauntlet | Found a transporter.
 13466 | Gauntlet | Found a transporter.
 13476 | Gauntlet | Found a transporter.
 13478 | Gauntlet | Found a transporter.
 13486 | Gauntlet | Found a transporter.
 13505 | Gauntlet | Found a runed translucent gate.
 13506 | Gauntlet | Found a transporter.
 13506 | Gauntlet | Found a runed translucent gate.
 13507 | Gauntlet | Found a runed translucent gate.
 13523 | Gauntlet | Found a transporter.
 13527 | Gauntlet | Found a transporter.
 13538 | Gauntlet | Found a transporter.
 13539 | Gauntlet | Found a transporter.
 13749 | Gauntlet | Identified the +1 hat of Boiling Hail {Int+2}
 13788 | Gauntlet | Noticed a minotaur
 13804 | Gauntlet | Killed a minotaur
 13862 | Gauntlet | Got Acourin's Cyclopedia of the Shapeshifter and
                  | Blasphemous Rites
 13862 | Gauntlet | Got the Teachings on Terra Firma
 14177 | D:14     | Reached **** piety under Hepliaklqana
 14216 | D:14     | Found a blossoming altar of Fedhas.
 14420 | D:14     | Found Wofat's Distillery.
 14428 | D:14     | Bought a potion of heal wounds for 90 gold pieces
 14428 | D:14     | Bought a potion of might for 72 gold pieces
 14636 | D:15     | Entered Level 15 of the Dungeon
 14653 | D:15     | Reached XP level 14. HP: 106/106 MP: 14/14
 14919 | D:15     | Reached skill level 18 in Dodging
 15558 | D:15     | Found a staircase to the Depths.
 15855 | D:11     | Killed Nabski's ghost
 16011 | Lair:1   | Entered Level 1 of the Lair of Beasts
 16089 | Lair:1   | Reached ***** piety under Hepliaklqana
 16298 | Lair:1   | Identified the +4 dagger of Growth {flame, rF+ Dex+2}
 16566 | Lair:2   | Found a frozen archway.
 16575 | IceCv    | Entered an ice cave
 16623 | IceCv    | Found a transporter.
 16632 | IceCv    | Found a transporter.
 16639 | IceCv    | Identified the -2 helmet "Feil" {rElec Str+2}
 17123 | Lair:2   | Noticed Amaemon
 17128 | Lair:2   | Noticed Urug
 17178 | Lair:2   | Killed Amaemon
 17179 | Lair:2   | Reached skill level 19 in Dodging
 17567 | Lair:2   | Found a staircase to the Shoals.
 17791 | Lair:3   | Reached XP level 15. HP: 110/114 MP: 15/15
 18359 | Lair:3   | Found a hole to the Spider Nest.
 18526 | Lair:4   | Found a snail-covered altar of Cheibriados.
 18625 | Lair:4   | Reached skill level 15 in Fighting
 18843 | Lair:4   | Noticed Sonja
 18850 | Lair:4   | Killed Sonja
 19915 | D:8      | Bought a manual of Dodging for 1280 gold pieces
 20069 | Lair:5   | Entered Level 5 of the Lair of Beasts
 20162 | Lair:4   | Reached skill level 20 in Dodging
 20591 | Lair:5   | Found a dark tunnel.
 20599 | Volcano  | Entered a volcano
 21081 | Lair:5   | Reached skill level 21 in Dodging
 21259 | Lair:5   | Found a staircase to the Slime Pits.
 21363 | Lair:5   | Reached ****** piety under Hepliaklqana
 21406 | Lair:5   | Found a viscous altar of Jiyva.
 21532 | Lair:5   | Reached XP level 16. HP: 124/124 MP: 16/16
 21788 | Lair:5   | Reached skill level 22 in Dodging
 22841 | Orc:1    | Found Fare's Jewellery Shoppe.
 23020 | Orc:2    | Entered Level 2 of the Orcish Mines
 23224 | Orc:2    | Found a transporter.
 23235 | Orc:2    | Found a one-way gate to the infinite horrors of the Abyss.
 23235 | Orc:2    | Noticed rddays123's ghost (journeyman MiFi)
 23238 | Orc:2    | Found a transporter.
 23426 | Orc:2    | Found a staircase to the Elven Halls.
 23513 | Orc:2    | Found Qexkeb's Armour Shop.
 23557 | Orc:2    | Reached skill level 23 in Dodging
 23793 | Orc:2    | Found Woawkaytaa's Assorted Antiques.
 23800 | Orc:2    | Found Ryhuhoh's Antique Weapon Emporium.
 23802 | Orc:2    | Found Iggatrag's Book Shop.
 24087 | Orc:2    | Noticed Donald
 24099 | Orc:2    | Killed Donald
 24303 | Shoals:1 | Entered Level 1 of the Shoals
 24609 | Orc:2    | Killed rddays123's ghost
 26016 | Shoals:2 | Reached skill level 24 in Dodging
 26124 | Shoals:2 | Noticed Frances
 26138 | Shoals:2 | Killed Frances
 26411 | Shoals:2 | Reached XP level 17. HP: 133/133 MP: 17/17
 27166 | Shoals:2 | Identified a scroll of acquirement
 27167 | Shoals:2 | Acquired a +0 hat of see invisible
 28187 | Shoals:3 | Found a basalt altar of Yredelemnul.
 28197 | Shoals:3 | Noticed a kraken
 28223 | Shoals:3 | Killed a kraken
 28419 | Shoals:3 | Reached skill level 25 in Dodging
 28487 | Shoals:3 | Found a runed translucent gate.
 28487 | Shoals:3 | Found a runed translucent gate.
 28487 | Shoals:3 | Found a runed translucent gate.
 28490 | Shoals:3 | Noticed Qobluxtent's ghost (adept GnDe)
 28705 | Shoals:4 | Entered Level 4 of the Shoals
 29055 | Shoals:4 | Noticed Kirke
 29087 | Shoals:4 | Killed Kirke
 29397 | Shoals:4 | Identified Roxanne's Collected Works on the Ground
 29397 | Shoals:4 | Noticed Roxanne
 29426 | Shoals:4 | Killed Roxanne
 30321 | Shoals:4 | Found Neit's Jewellery Shoppe.
 30385 | Shoals:4 | Noticed Polyphemus
 30420 | Shoals:4 | Killed Polyphemus
 30686 | Shoals:4 | Identified the ring "Yrphinic" {Str+3 Slay+4}
 31064 | Shoals:4 | Got a barnacled rune of Zot
 31129 | Shoals:4 | Reached XP level 18. HP: 125/143 MP: 18/18
 31558 | Shoals:3 | Reached skill level 26 in Dodging
 31870 | Shoals:3 | Killed Qobluxtent's ghost
 32092 | Shoals:3 | Gained mutation: Your magical capacity is low. (-10% MP)
                  | [mutagenic glow]
 32112 | Shoals:3 | Gained mutation: You occasionally shout uncontrollably at
                  | your foes. [mutagenic glow]
 32127 | Shoals:3 | Gained mutation: You are clumsy. (Dex -2) [mutagenic glow]
 32269 | Spider:1 | Entered Level 1 of the Spider Nest
 33154 | Spider:1 | Noticed Nikola
 33179 | Spider:1 | Killed Nikola
 35682 | Spider:2 | HP: 4/145 [broodmother (27)]
 35683 | Spider:2 | Slain by a redback

Illustrated notes

Levels and vault maps discovered:
D:1:      heliophobic_arrival_battle_scene, layout_basic
D:2:      layout_basic, nicolae_half_adder
D:3:      layout_loops_corners, kennysheep_generic_room_7
D:4:      layout_cave_pods, serial_shops, nicolae_shop_trees
D:5:      layout_basic, mainiacjoe_overflow_24_doors, fiery_altar_vehumet,
          general_overflow_altar, serial_shops, shop, minmay_misc_feat_rugged
D:6:      layout_cave_pools, nicolae_overflow_crystal_walls,
          nicolae_overflow_two_pavilions, minmay_temple_entry_purple_smoke,
          serial_undead, serial_undead_f, serial_undead_e, serial_undead_e,
          serial_undead_d, minmay_joined_circles, uniq_blork_the_orc,
          uniq_sigmund, uniq_grinder
D:7:      layout_loops_cross, xom_teletrap_fun, minmay_the_grid_2x2
          [minmay_the_grid_all_tris, minmay_the_grid_diamond_grid,
          minmay_the_grid_dragon_b,
          minmay_the_grid_prize_four_corners_diamond_a]
D:8:      layout_loops_ring, nicolae_shop_self_help, uniq_maurice, uniq_psyche
D:9:      layout_stronghold, orc_0_dummy, nrook_mini_backslash,
          kennysheep_generic_room_9
D:10:     layout_rooms, lair_entry_dummy, serial_shops, nicolae_shop_stone
D:11:     layout_cave_pools, biasface_ghost_orc_armoury
D:12:     layout_roguey
D:13:     layout_irregular_city, skrybe_vaults_entry_preservation,
          kennysheep_big_empty_room, kennysheep_kite_vault
D:14:     wander_river, layout_basic, serial_shops, shop,
          fedhas_altar_fruit_tree, gauntlet_entry_generic,
          minmay_fractal_squares_diagonal_5
D:15:     grunt_enter_depths_magical_seal, layout_basic,
          hangedman_abyss_or_decor_stagger, minmay_librarian
Temple:   hellmonk_temple_of_storms
Lair:1:   layout_hall_layers, infiniplex_staircase_pool_2
Lair:2:   layout_roguey, elwin_shoals_entry_stream, portal_ice_cave_rime,
          grunt_megastairs_1, uniq_amaemon, uniq_urug
Lair:3:   layout_gridlike, spider_nest_entry_webs
Lair:4:   layout_regular_city, basic_altar, wad_woods_river_01, uniq_sonja
Lair:5:   grunt_lair_end_beastmaster, layout_regular_city,
          nicolae_slime_entry_field_trip, enter_volcano_1,
          nicolae_lair_lil_pond, nicolae_lair_lakeside_cave
Shoals:1: layout_shoals, nicolae_shoals_loop_pool
Shoals:2: layout_shoals, st_cyclops, uniq_frances
Shoals:3: layout_shoals, gammafunk_ghost_tricky_traps,
          wheals_shoals_ruined_temple
Shoals:4: shoals_end_grunt_ice, layout_shoals, minmay_shop_enchanted_jewellery,
          uniq_polyphemus, uniq_roxanne, uniq_kirke
Spider:1: layout_cave_pods, nicolae_spider_not_touching_you, uniq_nikola
Spider:2: nicolae_spider_broodchamber, nicolae_spider_rock_and_or_roll
Orc:1:    layout_diamond_mine, serial_shops, shop
Orc:2:    st_orc_elflike, layout_caves, gammafunk_ghost_abyssal_escape,
          uniq_donald

Skill      XL: |  1  2  3  4  5  6  7  8  9 10 11 12 13 14 15 16 17 18 |
---------------+-------------------------------------------------------+-----
Dodging        | 1 2 3 4 5 6 8 10 12 14 16 17 19 21 24 25 26 | 26.7
Polearms       | 3 4 5 6 8 10 12 14 15 16 17 18 19 20 | 20.0
Fighting       | 4 5 6 7 8 9 11 13 14 16 17 18 19 | 19.8
Shields        | 4 5 6 7 8 9 10 11 12 13 14 | 14.2
Armour         | |  2.2

Action                     |  1- 3 |  4- 6 |  7- 9 | 10-12 | 13-15 | 16-18 || total
---------------------------+-------+-------+-------+-------+-------+-------++-------
  Melee: Trident           |   104 |   140 |   455 |   144 |       |       ||   843
         Headbutt          |       |     8 |   103 |   167 |   312 |   401 ||   991
         Tailslap          |       |       |     8 |       |     4 |    36 ||    48
         Spear             |       |       |       |   379 |       |       ||   379
         Unarmed           |       |       |       |     1 |       |     8 ||     9
         Lance             |       |       |       |   272 |  1220 |  1962 ||  3454
  Throw: Throwing net      |       |       |     1 |     3 |       |     1 ||     5
         Dart              |       |       |       |     7 |     8 |    12 ||    27
 Invoke: Ancestor Life: Ba |       |       |       |     1 |       |       ||     1
         Recall Ancestor   |       |       |       |     1 |     2 |     3 ||     6
  Evoke: Wand              |       |       |       |     8 |     1 |     7 ||    16
         Phantom mirror    |       |       |       |       |       |     1 ||     1
    Use: Scroll            |     4 |    11 |     2 |     5 |    17 |    15 ||    54
         Potion            |       |     7 |     1 |     6 |     7 |    16 ||    37
   Stab: Held in net/web   |       |       |     1 |     3 |       |       ||     4
         Distracted        |       |       |       |     2 |    16 |    39 ||    57
         Petrified         |       |       |       |       |       |     4 ||     4
 Armour: Scale mail        |    39 |    42 |   148 |    89 |     6 |       ||   324
         Swamp dragon scal |       |       |       |       |    16 |       ||    16
         Leather armour    |       |       |       |       |     4 |       ||     4
         Plate armour      |       |       |       |       |   189 |   381 ||   570
  Dodge: Dodged            |    32 |    46 |   339 |   339 |   498 |  1194 ||  2448
  Block: Buckler           |    20 |    32 |   136 |   122 |   212 |   453 ||   975

Table legend: (Time is in decaauts)
 A = Elapsed time spent in this place.
 B = Non-inter-level travel time spent in this place.
 C = Inter-level travel time spent in this place.
 D = Time resting spent in this place.
 E = Time spent auto-exploring this place.
 F = Levels seen in this place.
 G = Mean time per level.
                   A        B        C        D        E       F      G
               +--------+--------+--------+--------+--------+-----+--------+
         Total |  32957 |  30268 |   2689 |   3889 |  19976 |  32 | 1029.9 |
       Dungeon |  15213 |  13629 |   1584 |    882 |   9629 |  15 | 1014.2 |
        Temple |    173 |    146 |     27 |     18 |     53 |   1 |  173.0 |
          Lair |   5449 |   4843 |    606 |    215 |   3587 |   5 | 1089.8 |
        Shoals |   5994 |   5831 |    163 |    965 |   3933 |   4 | 1498.5 |
   Spider Nest |   3137 |   3023 |    114 |   1267 |   1208 |   2 | 1568.5 |
  Orcish Mines |   1804 |   1612 |    192 |    208 |   1082 |   2 |  902.0 |
      Ice Cave |    215 |    215 |      0 |      0 |    162 |   1 |  215.0 |
       Volcano |    454 |    454 |      0 |    191 |    191 |   1 |  454.0 |
      Gauntlet |    513 |    513 |      0 |    141 |    130 |   1 |  513.0 |
               +--------+--------+--------+--------+--------+-----+--------+

Top non-repeatable levels by time:
Shoals:4: 2376 daAuts
Spider:1: 1962 daAuts
Shoals:3: 1866 daAuts
  Lair:4: 1500 daAuts
  Lair:5: 1431 daAuts
   Orc:2: 1408 daAuts
     D:5: 1402 daAuts
     D:9: 1313 daAuts
     D:6: 1289 daAuts
    D:13: 1264 daAuts
Spider:2: 1175 daAuts
     D:3: 1146 daAuts
    D:11: 1131 daAuts
  Lair:2: 1128 daAuts
     D:4: 1081 daAuts
